 Dungeon Crawl Stone Soup version 0.30.1-11-g7821555f0a (webtiles) character file.

Game seed: 7884174818585871903

177 Buffagor the Slasher (level 5, -1/49 HPs)
             Began as a Naga Fighter on Dec 1, 2023.
             Slain by a goblin
             ... wielding the +1 quarterstaff "Qafawaicw" {freeze, *Rage Drain rPois rCorr}
              (7 damage)
             ... on level 2 of the Dungeon.
             The game lasted 00:04:11 (1649 turns).

Buffagor the Slasher (Naga Fighter)                 Turns: 1649, Time: 00:04:11

Health: -1/49      AC:  7    Str: 18    XL:     5   Next: 57%
Magic:  14/14      EV:  7    Int: 12    God:
Gold:   63         SH:  4    Dex: 12    Spells: 4/4 levels left

rFire   . . .        a - +0 long sword
rCold   . . .        c - +0 buckler
rNeg    . . .        b - +0 scale mail
rPois   +            q - +1 helmet {Int+3}
rElec   .            (no cloak)
rCorr   .            (no gloves)
SInv    +            (no barding)
Will    .....        (no amulet) Stlth
                     f - ring of magical power
HPRegen 0.28/turn    (no ring)
MPRegen 0.14/turn

%: no passive effects
@: very slow
A: AC +1, large, see invisible, deformed body, poison resistance, slowness 2,
spit poison 1, naga tail 1
a: Spit Poison


You were on level 2 of the Dungeon.
You visited 1 branch of the dungeon, and saw 2 of its levels.

You collected 63 gold pieces.

Inventory:

Hand Weapons
 a - a +0 long sword (weapon)
Armour
 b - a +0 scale mail (worn)
 c - a +0 buckler (worn)
 q - a +1 helmet of intelligence (worn)
Jewellery
 f - a ring of magical power (left hand)
Scrolls
 e - 3 scrolls of identify {unknown}
 h - a scroll of magic mapping {unknown}
 j - a scroll of poison {unknown}
 k - 2 scrolls of fog {unknown}
 l - a scroll of noise {unknown}
 n - a scroll of teleportation {unknown}
Potions
 g - 2 potions of mutation {unknown}
 i - a potion of ambrosia {unknown}
 m - a potion of magic {unknown}
 p - a potion of heal wounds {unknown}


   Skills:
 - Level 3.0 Fighting
 + Level 5.6 Long Blades
 - Level 2.4 Armour
 - Level 2.6 Shields


You had 4 spell levels left.
You didn't know any spells.
Your spell library was empty.

Dungeon Overview and Level Annotations

Branches:
Dungeon (2/15)

Altars:

Shops:
D:2 ::


Innate Abilities, Weirdness & Mutations

Your serpentine skin is tough. (AC +1)
You have supernaturally acute eyesight. (SInv)
Armour fits poorly on your strangely shaped body.
Your system is resistant to poisons. (rPois)
You cover ground very slowly.
You can spit poison.
You have a snake-like lower body.


Message History

Aiming: Spit Poison (1% risk of failure)
Press: ? - help, Shift-Dir - straight line, f - gnoll
Aim: a gnoll, wielding a +0 club and wearing a +0 leather armour (65% to hit)
The splash of poison hits the gnoll.
The gnoll is moderately wounded.
A goblin comes into view.
It is wielding the +1 quarterstaff "Qafawaicw" {freeze, *Rage Drain rPois rCorr}.
The gnoll barely misses you. The goblin hits you but does no damage.
The goblin shouts!
You hit the gnoll.
The gnoll is heavily wounded.
You block the gnoll's attack. The goblin barely misses you.
The goblin hits you with a +0 club. The gnoll hits you with a +0 club.
You hit the gnoll but do no damage.
The gnoll is heavily wounded.
The goblin hits you but does no damage. The gnoll hits you with a +0 club.
You hit the gnoll.
The gnoll is heavily wounded.
You have got your breath back.
The goblin hits you but does no damage. The gnoll hits you with a +0 club.
You barely miss the goblin. The goblin barely misses you.
The gnoll hits you but does no damage.
You closely miss the goblin.
The goblin goes berserk!
The goblin barely misses you. You block the goblin's attack.
You block the gnoll's attack.
You hit the goblin.
You kill the goblin!
The goblin closely misses you. The gnoll hits you with a +0 club.
The goblin closely misses you.
You hit the gnoll.
You kill the gnoll!
The goblin hits you with the +1 quarterstaff "Qafawaicw" {freeze, *Rage Drain rPois rCorr}!
* * * LOW HITPOINT WARNING * * *
The goblin freezes you.
* * * LOW HITPOINT WARNING * * *
You block the goblin's attack.
You hit the goblin.
The goblin is lightly wounded.
You block the goblin's attack.
The goblin hits you with the +1 quarterstaff "Qafawaicw" {freeze, *Rage Drain rPois rCorr}!
You die...

.( #.......)###.#.#..........#
...##..............####>##)#.#.
.. ................# ## ##<#...
.. #............. . ..#.#### .
#..#.# #...# .#...#.. #. #..#.#
#...# #...# .....#
#.###....###...###..#.. ......
#.....#!....)<##...##.##......
###..####...g@##.###.. #.####.
#..######......# .# #. .
#..##..........###.#
##.#..##.#..##.....#####
#...###.#..#####....... # #...#
#....#.......#####.##
#..).###..#.#.##........#...
#...#......†..##............
#.....#.....####........####


You could see a goblin (berserk).

Vanquished Creatures
  A phantom (D:2)
  Robin (D:2)
  4 gnolls
  A dart slug (D:1)
  3 endoplasms
  5 giant cockroaches (D:1)
  14 goblins
  5 hobgoblins
  4 kobolds
  2 quokkas
  2 ball pythons
  2 bats (D:1)
  A frilled lizard (D:2)
  4 rats
49 creatures vanquished.

Notes
Turn   | Place    | Note
-------+----------+-------------------------------------------
     0 | D:1      | Buffagor the Naga Fighter began the quest for the Orb.
     0 | D:1      | Reached XP level 1. HP: 21/21 MP: 1/1
   185 | D:1      | Reached XP level 2. HP: 28/28 MP: 2/2
   267 | D:1      | Reached skill level 3 in Long Blades
   563 | D:1      | Found a faded altar of an unknown god.
   566 | D:1      | Reached XP level 3. HP: 31/34 MP: 3/3
   974 | D:2      | Noticed Robin
  1163 | D:2      | Killed Robin
  1164 | D:2      | Reached skill level 4 in Long Blades
  1164 | D:2      | Found Weiced's Book Shop.
  1177 | D:2      | Found Xerosou's Book Boutique.
  1229 | D:2      | Reached XP level 4. HP: 35/42 MP: 4/4
  1261 | D:2      | Noticed a phantom
  1285 | D:2      | Killed a phantom
  1286 | D:2      | Reached skill level 5 in Long Blades
  1286 | D:2      | Reached XP level 5. HP: 9/49 MP: 5/5
  1641 | D:2      | Identified the +1 quarterstaff "Qafawaicw" {freeze, *Rage
                  | Drain rPois rCorr}
  1649 | D:2      | Slain by a goblin

Illustrated notes

Levels and vault maps discovered:
D:1:      dpeg_arrival_court, layout_loops_ring,
          dreamdust_ecumenical_altar_statues
D:2:      layout_rooms, serial_shops, nicolae_shop_dealshenge,
          nicolae_shop_advertising_works [nicolae_subvault_shop_adworks],
          nicolae_shop_temple_entry_statues_fountains, minmay_liquid_box,
          uniq_robin

Skill      XL: |  1  2  3  4 |
---------------+-------------+-----
Long Blades    | 3 4 5 |  5.6
Fighting       | |  3.0
Armour         | |  2.4
Shields        | |  2.6

Action                     |  1- 3 |  4- 6 || total
---------------------------+-------+-------++-------
  Melee: Long sword        |    97 |    49 ||   146
Ability: Spit Poison       |    15 |     7 ||    22
    Use: Potion            |       |     1 ||     1
 Armour: Scale mail        |    42 |    23 ||    65
  Dodge: Dodged            |    37 |    23 ||    60
  Block: Buckler           |    21 |    10 ||    31
